 Dungeon Crawl Stone Soup version 0.29-a0-397-g846e4a0bbc (webtiles) character file.

Game seed: 17860788545555658667

174 thiscave3701365 the Skirmisher (level 5, -1/61 (70) HPs)
             Began as a Minotaur Berserker on May 11, 2022.
             Was a Believer of Trog.
             Succumbed to a water moccasin's poison
             ... on level 3 of the Dungeon.
             The game lasted 00:02:10 (2995 turns).

thiscave3701365 the Skirmisher (Minotaur Berserker) Turns: 2995, Time: 00:02:11

HP:   -1/61 (70)    AC:  2    Str: 24    XL:     5   Next: 28%
MP:   4/4           EV: 12    Int:  4    God:    Trog [**....]
Gold: 131           SH:  0    Dex:  9    Spells: 4/4 levels left

rFire   . . .      SeeInvis .   a - +0 hand axe
rCold   . . .      Faith    .   (no shield)
rNeg    . . .      Spirit   .   b - +0 animal skin
rPois   .          Reflect  .   (helmet restricted)
rElec   .          Harm     .   (no cloak)
rCorr   .          Rampage  .   (no gloves)
Will    .....                   (no boots)
Stlth   ..........              (no amulet)
HPRegen 0.20/turn               (no ring)
MPRegen 0.09/turn               (no ring)

@: berserking (expiring), lethally poisoned (-1 -> -16), heavily drained, very
quick
A: horns 2, retaliatory headbutt
a: Renounce Religion, Berserk, Trog's Hand


You were on level 3 of the Dungeon.
You worshipped Trog.
Trog was pleased with you.
You visited 1 branch of the dungeon, and saw 3 of its levels.

You collected 131 gold pieces.

Inventory:

Hand Weapons
 a - a +0 hand axe (weapon)
Armour
 b - a +0 animal skin (worn)
Scrolls
 c - 6 scrolls of teleportation
 f - a scroll of immolation
 j - a scroll of magic mapping {unknown}
Potions
 d - a potion of brilliance {unknown}
 e - a potion of degeneration {unknown}
 g - a potion of invisibility {unknown}
 h - a potion of berserk rage {unknown}
 i - 3 potions of heal wounds {unknown}


   Skills:
 + Level 4.8 Fighting
 + Level 4.8 Axes
 + Level 3.9 Armour
 + Level 3.5 Dodging


You had 4 spell levels left.
You didn't know any spells.
Your spell library was empty.

Dungeon Overview and Level Annotations

Branches:
Dungeon (3/15)

Altars:

Portals:
Abyss: D:3

Annotations:
D:3 2 transporters, happo123's ghost, amateur TrBe


Innate Abilities, Weirdness & Mutations

You have a pair of horns on your head.
You reflexively headbutt those who attack you in melee.


Message History

The water moccasin barely misses you. You furiously retaliate!
You headbutt the water moccasin! The kobold barely misses you.
You furiously retaliate!
You headbutt the kobold!
You kill the kobold!
Trog accepts your kill.
You closely miss the water moccasin.
Your headbutt misses the water moccasin.
The water moccasin is moderately wounded.
You feel sick. The water moccasin bites you.
* * * LOW HITPOINT WARNING * * *
You are lethally poisoned!
The water moccasin poisons you!
You barely miss the water moccasin.
The water moccasin is moderately wounded.
* * * LOW HITPOINT WARNING * * *
You feel very sick. The water moccasin barely misses you.
You furiously retaliate!
You headbutt the water moccasin!
Unknown command.
You miss the water moccasin.
Your headbutt misses the water moccasin.
The water moccasin is severely wounded.
* * * LOW HITPOINT WARNING * * *
You feel very sick. The water moccasin barely misses you.
You miss the water moccasin.
Your headbutt misses the water moccasin.
The water moccasin is severely wounded.
* * * LOW HITPOINT WARNING * * *
You feel very sick. The water moccasin bites you.
* * * LOW HITPOINT WARNING * * *
You closely miss the water moccasin.
The water moccasin is severely wounded.
* * * LOW HITPOINT WARNING * * *
You feel sick.
Unknown command.
You barely miss the water moccasin.
The water moccasin is severely wounded.
You die...

.##$##. ## .#
...#.### ## ..# . #
....... .##.# .#^##
#...... ..#.# #.#.
#..... ..#.# #..###
#....
..##.####5##.###..#
...###..###.....).#
.........©.....S@.#
..................#
..............^####
################


You could see a water moccasin.

Vanquished Creatures
  Jessica (D:2)
  Natasha (twice) (D:2)
  An orc wizard (D:3)
  3 adders (D:2)
  A worm (D:2)
  A dart slug (D:2)
  2 orcs (D:3)
  5 ball pythons
  3 endoplasms (D:1)
  5 goblins
  4 hobgoblins
  2 jackals (D:3)
  4 quokkas
  6 frilled lizards
  A kobold (D:3)
  4 rats
45 creatures vanquished.

Notes
Turn   | Place    | Note
-------+----------+-------------------------------------------
     0 | D:1      | thiscave3701365 the Minotaur Berserker began the quest for
                  | the Orb.
     0 | D:1      | Reached XP level 1. HP: 19/19 MP: 0/0
   659 | D:1      | Reached XP level 2. HP: 27/27 MP: 1/1
  1769 | D:2      | Reached XP level 3. HP: 27/33 MP: 2/2
  1995 | D:2      | Noticed Natasha
  2000 | D:2      | Killed Natasha
  2145 | D:2      | Noticed Jessica
  2150 | D:2      | Reached XP level 4. HP: 36/41 MP: 3/3
  2151 | D:2      | Killed Jessica
  2188 | D:2      | Noticed Natasha
  2196 | D:2      | Killed Natasha
  2566 | D:2      | Reached XP level 5. HP: 47/47 MP: 4/4
  2731 | D:3      | Reached ** piety under Trog
  2932 | D:3      | Found a one-way gate to the infinite horrors of the Abyss.
  2932 | D:3      | Noticed happo123's ghost (amateur TrBe)
  2933 | D:3      | Noticed a small abomination
  2971 | D:3      | Found a transporter.
  2976 | D:3      | Found a transporter.
  2982 | D:3      | Noticed a water moccasin
  2994 | D:3      | HP: 2/61 [poisoned by a water moccasin]
  2995 | D:3      | Succumbed to a water moccasin's poison

Illustrated notes

Levels and vault maps discovered:
D:1:      amcnicky_arrival_feature_with_door, layout_basic, minmay_vboxes
D:2:      layout_basic, uniq_jessica, uniq_natasha
D:3:      kennysheep_the_goblin_king, layout_rooms,
          gammafunk_ghost_abyssal_escape, serial_shops, shop_fountains,
          gup_sewer_entry_spiral, shapermc_ecumenical_altar_starsandcircs

Skill      XL: |  1  2  3 |
---------------+----------+-----
Fighting       | 4 |  4.8
Axes           | 4 |  4.8
Armour         | 3 |  3.9
Dodging        | 3 |  3.5

Action                   |  1- 3 |  4- 6 || total
-------------------------+-------+-------++-------
Melee: Hand axe          |    62 |    53 ||   115
       Headbutt          |     5 |     5 ||    10
Invok: Berserk           |     1 |     2 ||     3
  Use: Scroll            |     4 |     1 ||     5
Armor: Animal skin       |     8 |     7 ||    15
Dodge: Dodged            |    29 |    27 ||    56

Table legend: (Time is in decaauts)
 A = Elapsed time spent in this place.
 B = Non-inter-level travel time spent in this place.
 C = Inter-level travel time spent in this place.
 D = Time resting spent in this place.
 E = Time spent auto-exploring this place.
 F = Levels seen in this place.
 G = Mean time per level.
                   A        B        C        D        E       F      G
               +--------+--------+--------+--------+--------+-----+--------+
         Total |   3020 |   3004 |     16 |    908 |   1801 |   3 | 1006.7 |
       Dungeon |   3020 |   3004 |     16 |    908 |   1801 |   3 | 1006.7 |
               +--------+--------+--------+--------+--------+-----+--------+

Top non-repeatable levels by time:
     D:1: 1755 daAuts
     D:2: 980 daAuts
     D:3: 284 daAuts
